 Dungeon Crawl Stone Soup version 0.29.1-12-g30fa7ad0bf (webtiles) character file.

Game seed: 9285326043438389263

57787 FexLirch the Black Sun (level 14, -4/125 HPs)
             Began as a Ghoul Necromancer on Jan 6, 2023.
             Was a High Priest of Kikubaaqudgha.
             Killed from afar by a tengu reaver (34 damage)
             ... with a bolt of acid
             ... on level 13 of the Dungeon.
             The game lasted 02:27:39 (28772 turns).

FexLirch the Black Sun (Ghoul Necromancer)         Turns: 28772, Time: 02:27:39

Health: -4/125     AC:  9    Str: 30    XL:     14   Next: 87%
Magic:  3/26       EV: 15    Int: 18    God:    Kikubaaqudgha [*****.]
Gold:   873        SH:  5    Dex:  9    Spells: 3/32 levels left

rFire   + + .      SeeInvis .   Z - +11 quarterstaff of Puelinun {chaos, Fly rF++ Str+3 Stlth+}
rCold   + . .      Faith    .   (shield currently unavailable)
rNeg    + + +      Spirit   .   I - +3 robe of Clouds {*Thunder rCloud rElec}
rPois   ∞          Reflect  +   f - +2 hat
rElec   +          Harm     .   (no cloak)
rCorr   .          Rampage  .   n - +1 pair of gloves of Quantum Leap {Str+7}
Will    ++...                   (no boots)
Stlth   +++.......              O - amulet "Kong" {Reflect Will+ SH+5}
HPRegen 0.00/turn               q - ring "Zarugir" {Wiz rC- Str+7 Int+4}
MPRegen 0.20/turn               K - ring of protection from cold

@: animating dead, flying, inhibited regen
A: claws 1, cold resistance 1, negative energy resistance 3, inhibited
regeneration, torment resistance 2, devour on kill
a: Renounce Religion, Unearth Wretches, Torment


You were on level 13 of the Dungeon.
You worshipped Kikubaaqudgha.
Kikubaaqudgha was extremely pleased with you.
You visited 4 branches of the dungeon, and saw 21 of its levels.

You collected 2628 gold pieces.
You spent 1755 gold pieces at shops.

Inventory:

Hand Weapons
 h - a +2 whip of electrocution
 J - a +1 morningstar of venom
 P - a +0 glaive of flaming
 Z - the +11 quarterstaff of Puelinun (weapon) {chaos, Fly rF++ Str+3 Stlth+}
   (You found it on level 4 of the Lair of Beasts)

   Each time it hits an enemy it has a different, random effect.
   Str:       It affects your strength (+3).
   rF:        It greatly protects you from fire.
   Fly:       It grants you flight.
   Stlth:     It makes you more stealthy.
Missiles
 a - 4 atropa-tipped darts
 i - 5 javelins
 o - 29 poisoned darts (quivered)
Armour
 f - a +2 hat (worn)
 n - the +1 pair of gloves of Quantum Leap (worn) {Str+7}
   (You acquired it on level 8 of the Dungeon)

   Str:       It affects your strength (+7).
 I - the +3 robe of Clouds (worn) {*Thunder rCloud rElec}
   (You bought it in a shop on level 2 of the Orcish Mines)

   It occasionally creates storm clouds above nearby enemies.
   It grants its wearer immunity to clouds.
   rElec:     It insulates you from electricity.
 Q - +0 acid dragon scales
Jewellery
 m - an amulet of the acrobat
 q - the ring "Zarugir" (left hand) {Wiz rC- Str+7 Int+4}
   (You bought it in a shop on level 2 of the Orcish Mines)

   [ring of wizardry]

   It improves your spell success rate.
   Str:       It affects your strength (+7).
   Int:       It affects your intelligence (+4).
   rC:        It makes you vulnerable to cold.
 B - a ring of wizardry
 K - a ring of protection from cold (right hand)
 L - a ring of resist corrosion
 O - the amulet "Kong" (around neck) {Reflect Will+ SH+5}
   (You bought it in a shop on level 2 of the Orcish Mines)

   [amulet of reflection]

   It reflects blocked missile attacks.
   SH:        It affects your SH (+5).
   Will:      It increases your willpower.
Wands
 p - a wand of paralysis (17)
 s - a wand of polymorph (18)
 x - a wand of flame (21)
 y - a wand of mindburst (3)
 N - a wand of roots (7)
Scrolls
 c - 5 scrolls of enchant armour {unknown}
 d - 3 scrolls of blinking
 g - 3 scrolls of noise
 k - 2 scrolls of vulnerability
 t - 2 scrolls of torment
 v - 7 scrolls of teleportation
 w - 2 scrolls of poison
 A - 2 scrolls of amnesia
 D - a scroll of magic mapping {unknown}
 H - 5 scrolls of fear
 M - a scroll of butterflies {unknown}
 U - a scroll of immolation {unknown}
 W - 2 scrolls of enchant weapon
 Y - 2 scrolls of summoning
Potions
 b - 2 potions of magic
 j - 4 potions of attraction
 l - 3 potions of brilliance {unknown}
 r - a potion of heal wounds
 u - 3 potions of might {unknown}
 z - 4 potions of curing
 C - 3 potions of haste {unknown}
 E - a potion of invisibility
 F - 6 potions of flight
 G - a potion of cancellation {unknown}
 R - a potion of berserk rage {unknown}
 S - 3 potions of mutation {unknown}
 T - a potion of lignification {unknown}
Miscellaneous
 e - a tin of tremorstones (2/2)
 X - a box of beasts


   Skills:
 + Level 11.7 Fighting
 - Level 6.0(7.6) Maces & Flails
 * Level 7.2(8.3) Staves
 + Level 10.1 Dodging
 - Level 2.1 Stealth
 + Level 9.9 Spellcasting
 + Level 13.1 Necromancy
 + Level 2.7 Earth Magic
 - Level 7.0 Poison Magic


You had 3 spell levels left.
You knew the following spells:

 Your Spells              Type           Power      Damage    Failure   Level
a - Death Channel         Necr           27%        N/A       2%          6
b - Vampiric Draining     Necr           54%        2d9       1%          3
c - Animate Dead          Necr           54%        N/A       1%          4
d - Passwall              Tmut/Erth      10%        N/A       2%          2
e - Olgreb's Toxic Radia  Pois           34%        N/A       1%          4
f - Apportation           Tloc           16%        N/A       3%          1
g - Agony                 Necr           54%        N/A       1%          5
h - Dispel Undead         Necr           54%        3d20      1%          4

Your spell library contained the following spells:

 Spells                   Type           Power      Damage    Failure   Level
 Necrotise                Necr           100%       1d9       1%          1
 Sandblast                Erth           36%        2d10      1%          1
 Sting                    Tmut/Pois      84%        1d7       1%          1
 Poisonous Vapours        Pois/Air       42%        N/A       1%          2
 Foxfire                  Conj/Fire      32%        2x1d5     3%          1
 Freeze                   Ice            32%        1d5       3%          1
 Magic Dart               Conj           32%        1d4       3%          1
 Searing Ray              Conj           16%        2d5       4%          2
 Stone Arrow              Conj/Erth      26%        3d8       6%          3
 Conjure Flame            Conj/Fire      8%         6-21      10%         3
 Frozen Ramparts          Ice            16%        1d3       10%         3
 Gell's Gravitas          Tloc           8%         N/A       10%         3
 Inner Flame              Hex/Fire       8%         N/A       10%         3
 Lesser Beckoning         Tloc           8%         N/A       10%         3
 Teleport Other           Tloc           8%         N/A       10%         3
 Corpse Rot               Necr/Pois/Air  33%        N/A       1%          4
 Anguish                  Hex/Necr       16%        N/A       2%          4
 Borgnjor's Vile Clutch   Necr/Erth      18%        N/A       3%          5
 Alistair's Intoxication  Tmut/Pois      14%        N/A       21%         5
 Cause Fear               Hex            4%         N/A       32%         4
 Flame Wave               Conj/Fire      8%         2d5       32%         4
 Fulminant Prism          Conj/Hex       4%         3d6       32%         4
 Hailstorm                Conj/Ice       8%         3d4       32%         4
 Simulacrum               Ice/Necr       16%        N/A       32%         6
 Dispersal                Tloc           4%         N/A       99%         6
 Enfeeble                 Hex            4%         N/A       100%        7
 Discord                  Hex            4%         N/A       100%        8
 Sublimation of Blood     Necr           Unusable   N/A       N/A         2
 Ice Form                 Ice/Tmut       Unusable   N/A       N/A         4

Dungeon Overview and Level Annotations

Branches:
Dungeon (13/15)            Temple (1/1) D:7            Lair (5/5) D:8
  Snake (0/4) Lair:2        Slime (0/5) Lair:5          Orc (2/2) D:11
    Elf (0/3) Orc:2
  Swamp: Lair:2-3    Shoals: Lair:2-3    Vaults: D:13-14

Altars:
Ashenzari
Cheibriados
Hepliaklqana
Kikubaaqudgha
Makhleb
Nemelex Xobeh
Okawaru
Vehumet
Xom
Jiyva
Lugonu

Shops:
D:5 !   Orc:1 (   Orc:2 =[[(:

Portals:
Abyss: Lair:5

Annotations:
D:5 exclusion: upstairs
D:7 exclusions: 2 electric eels and ice beast
Lair:1 KittyFluff's ghost, journeyman GrBe
Lair:2 1 runed translucent door
Lair:3 exclusion: oklob plant
Orc:2 exclusion: upstairs


Innate Abilities, Weirdness & Mutations

You are immune to poison.
You have sharp fingernails.
Your flesh is cold resistant. (rC+)
You are immune to negative energy. (rN+++)
You do not regenerate when monsters are visible.
You are immune to unholy pain and torment.
You thrive by killing the living.


Message History

Kikubaaqudgha calls piteous wretches from the earth!
Kikubaaqudgha is no longer ready to enhance your necromancy.
An adder and a scorpion come into view.
Casting: Olgreb's Toxic Radiance (mildly dangerous; 1% risk of failure)
Confirm with . or Enter, or press ? or * to list all spells.
You call upon the dead to rise.
The tengu reaver casts a spell at you. The bolt of fire hits you! You resist.
Casting: Animate Dead (safe; 1% risk of failure)
Confirm with . or Enter, or press ? or * to list all spells.
You don't have enough magic to cast this spell.
Unknown command.
Unknown command.
Unknown command.
Storm clouds gather above the adder.
A nearby adder perishes wretchedly.
The dead are slithering!
A nearby scorpion perishes wretchedly.
The dead are crawling!
The tengu reaver points at you and mumbles some strange words.
The bolt of fire hits you! You resist.
Your scorpion zombie misses the tengu reaver.
The tengu reaver hits your adder zombie with a +5 glaive of holy wrath!!
Your adder zombie is destroyed!
Your scorpion zombie hits the tengu reaver but does no damage.
The tengu reaver points at you and mumbles some strange words.
The bolt of lightning hits you! You resist. The bolt of lightning misses you.
Casting: Animate Dead (safe; 1% risk of failure)
Confirm with . or Enter, or press ? or * to list all spells.
You begin to radiate toxic energy.
The tengu reaver looks even sicker. x2
Your toxic aura wanes.
The tengu reaver gestures at you while chanting.
The bolt of fire hits you! You resist.
* * * LOW HITPOINT WARNING * * *
Your scorpion zombie barely misses the tengu reaver.
The tengu reaver casts a spell at you. The bolt of acid misses you.
Your scorpion zombie misses the tengu reaver.
The tengu reaver gestures at you while chanting.
The bolt of acid hits you!!
You die...
Kikubaaqudgha rasps: "You have failed me!
Welcome... oblivion!"

#...Z.## #..#..#.<...#
#...#..## #.......#####
.....##..# ####.....#.#
.....#...#### #.##.##..#.# ###
..##.#...Z..###.##.##..#.# #.#
##
#.#...##............#.####.###
#.+...######....#####.#Z......
#.#...# ##...#####.#.##.###
#...# #####@...).##.#Z##.#
...## #..........##.#.##.#
#### #..........##......#
#...............##.#
#######..................#
#.....Q.....####.........#
...#
#.....Z..............###.#
...#
#..............[.........#
...#
#..............##....#.###


You could see a tengu reaver (very poisoned, ally target) and a friendly
scorpion zombie.

Vanquished Creatures
  Josephine (Lair:3)
  A boulder beetle (D:12)
  A hydra (Lair:3)
  2 two-headed ogres
  A thrashing horror (Lair:5)
  4 orc high priests (Orc:2)
  Pikel (D:4)
  4 orc sorcerers
  4 ugly things
  5 elephants
  4 manticores
  A cyclops (D:12)
  2 black mambas (Lair:5)
  7 cane toads
  3 smoke demons (Lair:5)
  A gargoyle (D:10)
  A kobold demonologist (D:12)
  2 rime drakes
  9 komodo dragons
  2 ancient zymes (Lair:5)
  2 trolls
  3 polar bears (Lair:4)
  Grinder (D:4)
  A hornet (D:9)
  10 blink frogs
  2 dream sheep
  4 large abominations (Lair:5)
  4 wraiths
  2 shadows
  27 yaks
  4 wyverns
  A fire elemental (D:13)
  A spriggan (Lair:5)
  2 basilisks (Lair:5)
  A ynoxinul (Lair:5)
  4 hogs (Lair:4)
  A chaos spawn (Lair:5)
  2 steam dragons
  7 vampire mosquitoes
  3 swamp worms (Lair:3)
  4 small abominations (Lair:5)
  13 orc warriors
  5 water moccasins
  3 black bears (D:7)
  An ice beast (D:8)
  A sky beast (D:7)
  3 ogres
  A wolf (Lair:5)
  2 centaurs
  3 lemures (D:4)
  2 kobold brigands
  2 necrophages (D:7)
  2 bullfrogs
  A scorpion (D:6)
  A gnoll sergeant (D:10)
  7 wights
  12 killer bees
  An electric eel (Lair:5)
  2 howler monkeys
  A hound (D:4)
  2 jellies
  A gnoll bouda (D:11)
  20 orc priests
  An iguana (D:6)
  Natasha (twice) (D:2)
  26 orc wizards
  Terence (D:2)
  8 gnolls
  8 adders
  2 shadow imps
  An ufetubus (D:6)
  3 worms (D:2)
  57 orcs
  3 ball pythons
  5 bats
  5 endoplasms
  2 giant cockroaches
  2 goblins
  7 hobgoblins
  8 jackals
  2 quokkas (D:2)
  11 frilled lizards
  20 kobolds
  5 rats
  A plant (Lair:5)
408 creatures vanquished.

Vanquished Creatures (collateral kills)
  2 hydras
  A two-headed ogre (D:10)
  3 thrashing horrors (Lair:5)
  A fire crab (shapeshifter) (Lair:4)
  A cyclops (D:13)
  2 elephants (Lair:3)
  Maggie (D:9)
  3 cane toads
  A rime drake (Lair:5)
  8 komodo dragons
  A tengu conjurer (D:13)
  2 tyrant leeches (Lair:3)
  A polar bear (Lair:5)
  8 blink frogs (Lair:5)
  5 dream sheep (Lair:5)
  3 small abominations (Lair:5)
  A ynoxinul (Lair:5)
  21 yaks
  A hog (Lair:4)
  3 basilisks
  4 vampire mosquitoes (D:13)
  A swamp worm (Lair:3)
  A warg (Orc:1)
  A naga (Lair:2)
  6 water moccasins
  3 orc warriors
  A black bear (Lair:3)
  2 ogres (Orc:1)
  3 wolves (Lair:5)
  4 bullfrogs
  A necrophage (D:8)
  2 electric eels (Lair:5)
  A jelly (Lair:5)
  7 orc priests
  6 orc wizards
  An iguana (D:4)
  A gnoll (D:3)
  14 orcs
  2 endoplasms (Lair:5)
  A quokka (D:2)
  2 ball pythons
  2 frilled lizards (D:1)
  A rat (D:3)
136 creatures vanquished.

Vanquished Creatures (others)
  A boulder beetle (Lair:5)
  A catoblepas (Lair:3)
  An ugly thing zombie (D:10)
  A black mamba (Lair:5)
  A catoblepas zombie (Lair:3)
  2 cane toads
  3 komodo dragons
  A hydra zombie (Lair:5)
  A blink frog (Lair:5)
  A boulder beetle zombie (Lair:5)
  A black mamba zombie (Lair:5)
  A vampire (D:11)
  A hog (Lair:4)
  A yak (Lair:2)
  3 nagas (Lair:2)
  2 water moccasins
  3 cane toad zombies
  8 blink frog zombies
  7 elephant zombies
  4 dream sheep zombies (Lair:5)
  A manticore zombie (D:13)
  4 vampire mosquito zombies (D:13)
  2 komodo dragon zombies
  2 bullfrogs (Lair:5)
  2 wyvern zombies (D:11)
  A scorpion (D:13)
  3 water moccasin zombies
  A polar bear zombie (Lair:4)
  13 yak zombies
  2 bullfrog zombies (Lair:5)
  A centaur zombie (D:10)
  A hound (D:10)
  A basilisk zombie (Lair:5)
  4 killer bee zombies
  An ogre zombie (Orc:2)
  A hound zombie (D:10)
  A howler monkey zombie (D:6)
  An adder (D:13)
  An adder zombie (D:13)
  An iguana zombie (D:6)
  An orc (D:6)
  A ball python (D:10)
  A ball python zombie (D:10)
  10 gnoll zombies
  A hobgoblin zombie (D:3)
  9 kobold zombies
  14 orc zombies
  A quokka zombie (D:2)
  23 fungi
  39 plants
  12 toadstools (Lair:2)
200 creatures vanquished.

Grand Total: 744 creatures vanquished

Notes
Turn   | Place    | Note
-------+----------+-------------------------------------------
     0 | D:1      | FexLirch the Ghoul Necromancer began the quest for the Orb.
     0 | D:1      | Reached XP level 1. HP: 14/14 MP: 2/2
    91 | D:1      | Found a faded altar of an unknown god.
   229 | D:1      | Reached XP level 2. HP: 20/20 MP: 0/4
  1097 | D:2      | Reached XP level 3. HP: 26/26 MP: 0/5
  1432 | D:2      | Noticed Terence
  1447 | D:3      | Learned a level 3 spell: Vampiric Draining
  2018 | D:4      | Found a broken altar of Ashenzari.
  2100 | D:4      | Noticed an ogre
  2125 | D:5      | Entered Level 5 of the Dungeon
  2443 | D:5      | Reached XP level 4. HP: 33/33 MP: 4/7
  2624 | D:5      | Found Astrymie's Distillery.
  2627 | D:5      | Bought a potion of heal wounds for 75 gold pieces
  3003 | D:4      | Noticed Grinder
  3125 | D:6      | Found a hazy altar of Hepliaklqana.
  3139 | D:6      | Noticed a scorpion
  3145 | D:6      | Killed a scorpion
  3146 | D:6      | Reached skill level 5 in Necromancy
  3146 | D:6      | Reached XP level 5. HP: 32/38 MP: 1/8
  3151 | D:6      | Learned a level 4 spell: Animate Dead
  3154 | D:6      | Learned a level 2 spell: Passwall
  3329 | D:6      | Noticed a steam dragon
  3908 | D:6      | Reached skill level 1 in Poison Magic
  3908 | D:6      | Reached XP level 6. HP: 34/45 MP: 2/10
  4708 | D:2      | Found a shimmering altar of Xom.
  4823 | D:2      | Killed Terence
  5124 | D:2      | Noticed Natasha
  5128 | D:2      | Killed Natasha
  5341 | D:2      | Noticed Natasha
  5349 | D:2      | Killed Natasha
  5746 | D:3      | Reached XP level 7. HP: 50/50 MP: 10/12
  5816 | D:3      | Reached skill level 6 in Necromancy
  6113 | D:3      | Learned a level 4 spell: Olgreb's Toxic Radiance
  7278 | D:7      | Reached skill level 5 in Spellcasting
  7503 | D:7      | Reached XP level 8. HP: 45/57 MP: 7/14
  7968 | D:8      | Found a staircase to the Lair.
  8282 | D:8      | Reached skill level 5 in Poison Magic
  8550 | D:7      | Found a burning altar of Makhleb.
  8645 | D:7      | Reached skill level 7 in Necromancy
  8891 | D:7      | Found a staircase to the Ecumenical Temple.
  8920 | Temple   | Entered the Ecumenical Temple
  8939 | Temple   | Became a worshipper of Kikubaaqudgha
  9328 | D:8      | Reached XP level 9. HP: 60/62 MP: 3/16
  9463 | D:8      | Identified 2 scrolls of acquirement
  9464 | D:8      | Acquired 883 gold pieces
  9469 | D:8      | Acquired the +1 pair of gloves of Quantum Leap {Str+7}
 10085 | D:10     | Entered Level 10 of the Dungeon
 10142 | D:10     | Reached skill level 1 in Fighting
 10154 | D:10     | Reached * piety under Kikubaaqudgha
 10154 | D:10     | Received a gift from Kikubaaqudgha
 10155 | D:10     | Reached skill level 8 in Necromancy
 10444 | D:10     | Noticed a brown ugly thing
 10453 | D:10     | Noticed a two-headed ogre
 10458 | D:10     | Killed a brown ugly thing
 10459 | D:10     | Reached XP level 10. HP: 69/78 MP: 6/19
 10464 | D:10     | Noticed a gargoyle
 10467 | D:10     | Killed a two-headed ogre
 10489 | D:10     | Killed a gargoyle
 10860 | D:10     | Reached skill level 9 in Necromancy
 11494 | D:11     | Reached skill level 5 in Fighting
 11497 | D:11     | Noticed a two-headed ogre
 11504 | D:11     | Noticed a manticore
 11507 | D:11     | Killed a two-headed ogre
 11655 | D:11     | Found a staircase to the Orcish Mines.
 11689 | D:11     | Reached skill level 5 in Dodging
 12026 | D:9      | Learned a level 4 spell: Anguish
 12032 | D:9      | Learned a level 5 spell: Agony
 12038 | D:9      | Reached XP level 11. HP: 72/89 MP: 5/21
 12047 | D:9      | Found a radiant altar of Vehumet.
 12137 | D:9      | Noticed Maggie
 12158 | D:9      | Killed Maggie
 13244 | D:6      | Reached skill level 1 in Maces & Flails
 13738 | D:4      | Noticed Pikel
 13751 | D:4      | Killed Pikel
 13752 | D:4      | Reached skill level 10 in Necromancy
 13904 | D:4      | Found a shimmering altar of Xom.
 13924 | D:4      | Reached ** piety under Kikubaaqudgha
 14308 | D:4      | Killed Grinder
 14455 | D:11     | Killed a manticore
 14657 | D:11     | Noticed a manticore
 14663 | D:11     | Killed a manticore
 15195 | D:11     | Noticed a manticore
 15207 | D:11     | Killed a manticore
 15570 | D:12     | Noticed a cyclops
 15570 | D:12     | Noticed a purple ugly thing
 15570 | D:12     | Found a snail-covered altar of Cheibriados.
 15660 | D:12     | Noticed a red ugly thing
 16441 | Lair:1   | Entered Level 1 of the Lair of Beasts
 16619 | Lair:1   | Found a runed translucent door.
 16619 | Lair:1   | Noticed KittyFluff's ghost (journeyman GrBe)
 16732 | Lair:1   | Reached XP level 12. HP: 79/101 MP: 0/23
 17023 | Lair:1   | Reached skill level 11 in Necromancy
 17030 | Lair:1   | Reached *** piety under Kikubaaqudgha
 17030 | Lair:1   | Received a gift from Kikubaaqudgha
 18095 | Lair:2   | Found a staircase to the Snake Pit.
 18414 | Lair:2   | Found a runed translucent door.
 18704 | Lair:2   | Reached skill level 5 in Maces & Flails
 19484 | Lair:2   | Learned a level 4 spell: Dispel Undead
 19513 | Lair:3   | Noticed Josephine
 19553 | Lair:3   | Killed Josephine
 20032 | Lair:3   | Noticed a six-headed hydra
 20792 | Lair:3   | Noticed a seven-headed hydra
 20805 | Lair:3   | Killed a six-headed hydra
 20820 | Lair:3   | Reached XP level 13. HP: 81/112 MP: 3/24
 22035 | Lair:4   | Identified the +11 quarterstaff of Puelinun {chaos, Fly
                  | rF++ Str+3 Stlth+}
 22152 | Lair:4   | Reached skill level 10 in Fighting
 22302 | Lair:4   | Reached skill level 1 in Staves
 22355 | Lair:4   | Noticed Kirke
 22369 | Lair:4   | Reached skill level 12 in Necromancy
 22467 | Lair:4   | Learned a level 6 spell: Death Channel
 22651 | Lair:5   | Entered Level 5 of the Lair of Beasts
 23370 | Lair:5   | Reached **** piety under Kikubaaqudgha
 23624 | Lair:5   | Found a viscous altar of Jiyva.
 23627 | Lair:5   | Found a staircase to the Slime Pits.
 24260 | Lair:5   | Reached XP level 14. HP: 105/122 MP: 3/26
 24285 | Lair:5   | Reached skill level 5 in Staves
 25154 | Lair:5   | Reached ***** piety under Kikubaaqudgha
 25168 | Lair:5   | Got Xojamn's Spellbook of Dark Congelation
 25345 | Lair:5   | Found a corrupted altar of Lugonu.
 25345 | Lair:5   | Found a one-way gate to the infinite horrors of the Abyss.
 25737 | Orc:1    | Entered Level 1 of the Orcish Mines
 25756 | Orc:1    | Found Naiss's Weapon Boutique.
 26168 | Orc:2    | Entered Level 2 of the Orcish Mines
 26168 | Orc:2    | Found Ytouphag's Book Shoppe.
 26451 | Orc:2    | Reached skill level 1 in Earth Magic
 26489 | Orc:2    | Found a staircase to the Elven Halls.
 26895 | Orc:2    | Paralysed by an orc sorcerer for 4 turns
 26909 | Orc:2    | Found Nifrehy's Antique Armour Emporium.
 26909 | Orc:2    | Found Meeptin's Antique Weapon Emporium.
 26912 | Orc:2    | Found Loime's Armour Shoppe.
 26918 | Orc:2    | Found Gen Juin's Jewellery Shoppe.
 27077 | Orc:2    | Reached skill level 13 in Necromancy
 27087 | Orc:2    | Reached skill level 10 in Dodging
 27476 | Orc:2    | Bought the amulet "Kong" {Reflect Will+ SH+5} for 511 gold
                  | pieces
 27476 | Orc:2    | Bought the ring "Zarugir" {Wiz rC- Str+7 Int+4} for 637
                  | gold pieces
 27493 | Orc:2    | Bought the +3 robe of Clouds {*Thunder rCloud rElec} for
                  | 356 gold pieces
 27493 | Orc:2    | Found the +3 robe of Clouds {*Thunder rCloud rElec}
 27528 | Orc:2    | Bought a book of Party Tricks for 176 gold pieces
 27530 | Orc:2    | Learned a level 1 spell: Apportation
 28104 | D:13     | Reached ****** piety under Kikubaaqudgha
 28719 | D:13     | Noticed a frost giant
 28719 | D:13     | Noticed a tengu reaver
 28721 | D:13     | Noticed a fire giant
 28772 | D:13     | Killed from afar by a tengu reaver

Illustrated notes

Levels and vault maps discovered:
D:1:      dpeg_arrival_ternary, layout_basic, hellmonk_ecumenical_altar_run_dry,
          roderic_lattice_a, grunt_decor_mini_mirrors,
          minmay_misc_feat_ornament, minmay_lizard_king
D:2:      minmay_inner_zag, layout_rooms, basic_altar, serial_co_window_serial,
          co_window_paths_b, co_window_paths_a, co_window_corner_a,
          co_window_paths_b, co_window_corner_a, co_window_broadway_a,
          co_window_broadway_b, co_window_broadway_a, co_window_unsneaky_path_e,
          co_window_broadway_c, co_window_corner_cb, glass_columns_c,
          glass_columns_a, uniq_terence, uniq_natasha
D:3:      cheibrodos_pilgrimage, layout_rooms, nrook_campfire
D:4:      layout_loops_ring, mainiacjoe_overflow_paths,
          ashenzari_conservatory_becter, zin_statuary,
          amcnicky_mini_corridor_feature, uniq_pikel, uniq_grinder
D:5:      layout_basic, serial_shops, kennysheep_mini
D:6:      layout_basic, overflow_temple_1_default, lemuel_coloured_pillars_altar
D:7:      minmay_general_purpose_star, layout_rooms,
          mainiacjoe_overflow_alcove_1, nicolae_overflow_two_pavilions,
          minmay_temple_entry_gardened_gates
D:8:      minmay_spotlight, layout_gridville, lair_entry_dummy, serial_rivers,
          chequers_serial_rivers_micro_d, chequers_serial_rivers_micro_a,
          chequers_serial_rivers_micro_c, chequers_serial_rivers_large_a,
          chequers_serial_rivers_small_3, chequers_serial_rivers_room_b
D:9:      layout_gridville, mainiacjoe_overflow_small_starburst,
          minmay_tree_intersection, uniq_maggie
D:10:     layout_irregular_city, serial_rivers, chequers_serial_rivers_small_b,
          chequers_serial_rivers_small_3, chequers_serial_rivers_micro_d,
          chequers_serial_rivers_micro_b, chequers_serial_rivers_small_3
D:11:     layout_basic, orc_0_dummy, dreamdust_gnoll_shepherd
D:12:     layout_gridville, cheibriados_altar_1
D:13:     layout_basic, minmay_radiant
Temple:   oiseaux_autumnal_temple
Lair:1:   layout_regular_city, hellmonk_ghost_happy_afterlife,
          grunt_megastairs_4
Lair:2:   gammafunk_lair_enchanted_lake, layout_hall_layers,
          minmay_snake_entry_guardpost_small
Lair:3:   layout_cave_pods, palyth_hydra_swamp_entry,
          chequers_serial_rivers_micro_d, chequers_serial_rivers_room_a,
          uniq_josephine
Lair:4:   layout_concentric_octagons, beast_lair_carwin_3, uniq_kirke
Lair:5:   hellmonk_lair_end_abyssal_woods, layout_cave_pods,
          nicolae_slime_entry_slimehenge, serial_bayou_lake_a,
          lemuel_fruit_tree, infiniplex_staircase_pool_2, grunt_megastairs_2
Orc:1:    layout_caves, serial_shops, nicolae_shop_bloodbath_and_beyond
Orc:2:    st_orc_mages, layout_caves, serial_shops, shop

Skill      XL: |  1  2  3  4  5  6  7  8  9 10 11 12 13 14 |
---------------+-------------------------------------------+-----
Spellcasting   | 2 3 4 5 6 7 8 9 |  9.9
Necromancy     | 5 6 7 8 9 10 11 12 13 | 13.1
Poison Magic   | 1 2 4 6 7 |  7.0
Fighting       | 3 6 8 9 10 11 | 11.7
Dodging        | 3 5 7 8 9 10 | 10.1
Maces & Flails | 3 5 6 |  6.0
Staves         | 4 7 |  7.2
Earth Magic    | 2 |  2.7
Stealth        | |  2.1

Action                   |  1- 3 |  4- 6 |  7- 9 | 10-12 | 13-15 || total
-------------------------+-------+-------+-------+-------+-------++-------
Melee: Unarmed           |    48 |     5 |       |       |       ||    53
       Hand axe          |       |    82 |    44 |       |       ||   126
       Morningstar       |       |       |   115 |    22 |       ||   137
       Punch             |       |       |     1 |     4 |       ||     5
       Whip              |       |       |       |   257 |    14 ||   271
       Glaive            |       |       |       |    14 |       ||    14
       Short sword       |       |       |       |     6 |       ||     6
       Quarterstaff      |       |       |       |       |   310 ||   310
Throw: Dart              |       |       |     2 |       |       ||     2
 Cast: Necrotise         |    81 |    56 |    28 |    31 |       ||   196
       Vampiric Draining |       |     6 |    19 |    38 |    15 ||    78
       Passwall          |       |     2 |     5 |       |       ||     7
       Animate Dead      |       |     3 |    12 |    19 |    16 ||    50
       Olgreb's Toxic Ra |       |       |    22 |    81 |    64 ||   167
       Anguish           |       |       |       |    16 |       ||    16
       Dispel Undead     |       |       |       |     7 |     9 ||    16
       Agony             |       |       |       |     1 |     7 ||     8
       Death Channel     |       |       |       |       |    19 ||    19
Invok: Unearth Wretches  |       |       |     1 |     2 |     4 ||     7
Evoke: Wand              |       |    11 |     3 |    18 |       ||    32
  Use: Scroll            |     3 |     5 |     6 |     9 |     3 ||    26
       Potion            |       |     1 |     3 |     3 |     3 ||    10
 Stab: Sleeping          |       |     1 |       |       |     1 ||     2
       Paralysed         |       |       |     6 |     1 |     1 ||     8
       Distracted        |       |       |     1 |     2 |     3 ||     6
Armor: Robe              |    13 |     2 |    10 |       |    18 ||    43
       Leather armour    |       |    24 |    43 |     8 |       ||    75
       Acid dragon scale |       |       |       |    72 |    94 ||   166
Dodge: Dodged            |    35 |    98 |   153 |   292 |   285 ||   863
Block: Other             |       |       |       |       |    12 ||    12
       Reflection        |       |       |       |       |     3 ||     3
